cohdb
Replays
Latest Replays
All Replays
Popular Replays
Top Player Replays
Match Explorer
How It Works
Community
CoH3 Stats
Reddit
Sign in to upload your games and track your stats! →
Sign in with Steam
Match 44279875
Unlisted
Match 44279875
Overview
Messages
Build Orders
End
Pioneer Squad
Construct Infanterie Kompanie
Selects Breakthrough Battlegroup
Selects Assault Grenadiers
Grenadier Squad
Grenadier Squad
Grenadier Squad
Infanterie Officer Quarters
Grenadier Squad
Construct Luftwaffe Kompanie
Selects Rapid Production
Selects Breakthrough
221 Scout Car
Jäger Squad
Support Elements
Selects Incendiary Bombing Run
Marder III M Tank Destroyer
Incendiary Bombing Run
咚咚锵个腿
乌拉
0
0
Comments
sign in to comment!
No comments posted yet!